[Event "Early-Titled-Tuesday-Blitz-January-23-2024"]
[Site "Chess.com"]
[Date "2024.01.23"]
[Round "7"]
[White "Happy1712Drummer"]
[Black "itsdsyr"]
[Result "1-0"]
[WhiteElo "2442"]
[BlackElo "2248"]
[TimeControl "180+1"]
[EndTime "9:18:56 PST"]
[Termination "Happy1712Drummer won on time"]

1. e4 e5 2. Nf3 Nc6 3. Nc3 Nf6 4. d4 exd4 5. Nd5 h6 6. Bf4 d6 7. Nxd4 Bd7 8. Nc3 Be7 9. Qd2 O-O 10. O-O-O a6 11. f3 b5 12. g4 Ne5 13. Be2 c5 14.
Nf5 Bxf5 15. gxf5 Kh7 16. Rhg1 Rg8 17. Kb1 Qa5 18. Nd5 Qxd2 19. Rxd2 Nxd5 20. Rxd5 f6 21. Bxe5 fxe5 22. Rg6 Rgf8 23. Re6 Ra7 24. b3 Rf6 25. Kb2 Rxe6 26. fxe6 g5 27. a4 b4 28. a5 Kg7 29. Rd1 Kf6 30. Bc4 h5 31. c3 Ra8 32.
cxb4 cxb4 33. Rg1 Bd8 34. Rd1 Be7 35. Kc2 Rc8 36. Rd5 Ra8 37. Kd2 g4 38. fxg4 hxg4 39. Ke2 Rh8 40. Bxa6 Rxh2+ 41. Kf1 Kg5 42. Be2 g3 43.
Rd3 Kf4 44. Rf3+ Kxe4 45. Rxg3 Rh1+ 46. Kf2 Ra1 47. a6 Kd5 48. Rg7 Kxe6 49. Ke3 d5 50.
Bb5 Bc5+ 51. Kd3 Ra3 52. Rg6+ Kf5 53. Rc6 Rxb3+ 54. Ke2 Rb2+ 55. Kd3 1-0

[Event "Early-Titled-Tuesday-Blitz-January-23-2024"]
[Site "Chess.com"]
[Date "2024.01.23"]
[Round "7"]
[White "GMKrikor"]
[Black "Sadykov_Ramil"]
[Result "1-0"]
[WhiteElo "2804"]
[BlackElo "2610"]
[TimeControl "180+1"]
[EndTime "9:18:57 PST"]
[Termination "GMKrikor won by checkmate"]

1. Nf3 Nf6 2. c4 e6 3. Nc3 d5 4. cxd5 exd5 5. d4 Be7 6. Bf4 O-O 7. e3 Re8 8. Bd3 Nh5 9. Be5 Nc6 10. Bg3 Be6 11. Qc2 h6 12. a3 a6 13. Rc1 Rc8 14. Ne2 Bg4 15. Kf1 Nxg3+ 16. hxg3 Bf6 17. Bh7+ Kf8 18.
Bf5 Bxf5 19. Qxf5 g6 20. Qc2 Bg7 21. Nf4 Ne7 22. g4 Kg8 23. Nd3 b6 24. b4 Qd7 25.
Nde5 Qe6 26. Nc6 Qxg4 27. Nxe7+ Rxe7 28. Qc6 Qe6 29. Ke2 Qf5 30. Qc2 Qe6 31. Qc6 Qf5 32.
Rhd1 Kh7 33. Kf1 a5 34. bxa5 bxa5 35. a4 Re6 36. Qc2 Qf6 37. Qd3 c5 38. Rxc5 Rxc5 39. dxc5 Rc6 40. Qxd5 Rc8 41. Nd4 Qh4 42. g3 Qh3+ 43.
Ke2 Qg4+ 44. Qf3 Qxf3+ 45. Nxf3 Rxc5 46. Rd7 Rc4 47. Rxf7 Rxa4 48. Ra7 Kg8 49. Nh4 Ra2+ 50. Kf3 Kh7 51. Ra6 g5 52. Nf5 Be5 53. Ke4 Bc3 54. Ra7+ Kg6 55. g4 Kf6 56. Ra6+ Kf7 57. Nxh6+ Ke7 58.
Nf5+ Kf7 59. f4 gxf4 60. exf4 a4 61. g5 a3 62. g6+ Ke8 63. g7 Kf7 64. Ra7+ Kg8 65.
Ra8+ Kh7 66. g8=Q# 1-0

[Event "Early-Titled-Tuesday-Blitz-January-23-2024"]
[Site "Chess.com"]
[Date "2024.01.23"]
[Round "7"]
[White "SandwichOSaumon"]
[Black "andrzej"]
[Result "0-1"]
[WhiteElo "2517"]
[BlackElo "2396"]
[TimeControl "180+1"]
[EndTime "9:18:57 PST"]
[Termination "andrzej won by checkmate"]

1. e4 e5 2. Nf3 Nf6 3. Bc4 Nxe4 4. Bxf7+ Kxf7 5. Nxe5+ Kg8 6. Nc3 Qe8 7. O-O Nxc3 8.
dxc3 Qxe5 9. Re1 Qf6 10. Qg4 Nc6 11. Bg5 Qf7 12. Qg3 d6 13. Re3 Be6 14. Rae1 Re8 15.
f4 Bd7 16. Rxe8 Bxe8 17. f5 h6 18. Bh4 Ne5 19. Qf4 g5 20. Bxg5 hxg5 21. Qxg5+ Qg7 22.
Qf4 Bc6 23. Re2 Rh4 24. Qf2 Nf3+ 25. Kf1 Rxh2 26. Re3 Rh1+ 27. Ke2 Re1+ 28. Kd3 Rd1+ 29. Kc4 Qf7+ 30. Kb4 a5+ 31. Ka3 d5+ 32. b4 axb4+ 33. cxb4 d4 34. Rb3 Ne5 35. Qg3+ Bg7 36. b5 Nc4+ 37.
Kb4 Bd5 38. f6 Qf8+ 39. Ka4 Qa8+ 40. Kb4 Qa5+ 41. Kc5 Qb6+ 42. Kb4 Qd6+ 43. Qxd6 Nxd6 44. Rg3 Ne8 45. fxg7 Nxg7 46. Kc5 Bxa2 47. Ra3 Bf7 48. Ra8+ Kh7 49. Rb8 d3 50. cxd3 b6+ 51. Kc6 Rc1+ 52. Kd7 Be6+ 53. Ke7 Bf5 54. Kf6 Bxd3 55. g4 Bxb5 56. g5 Rf1+ 57. Ke5 Kg6 58. Rc8 Re1+ 59. Kf4 Bc6 60. Kg4 Bd7+ 61. Kh4 Bxc8 62. Kg3 b5 63. Kh4 Re8 64. Kg3 b4 65. Kh4 b3 66.
Kg3 b2 67. Kh4 b1=Q 68. Kg3 Qd3+ 69. Kh4 Rh8# 0-1

[Event "Early-Titled-Tuesday-Blitz-January-23-2024"]
[Site "Chess.com"]
[Date "2024.01.23"]
[Round "7"]
[White "Indianlad"]
[Black "Sychev_Klementy"]
[Result "0-1"]
[WhiteElo "2978"]
[BlackElo "2794"]
[TimeControl "180+1"]
[EndTime "9:18:58 PST"]
[Termination "Sychev_Klementy won by resignation"]

1. Nc3 d5 2. e4 dxe4 3. Nxe4 Nf6 4. Bd3 Nbd7 5. Qe2 Nxe4 6. Bxe4 g6 7. Nf3 Bg7 8. d4 c5 9. O-O cxd4 10. Rd1 O-O 11.
Nxd4 a6 12. c3 Qc7 13. Bf3 e5 14. Nc2 f5 15. Bd5+ Kh8 16. Bg5 Nf6 17. Bxf6 Bxf6 18. Bb3 e4 19. Ne3 Be5 20. h3 Bd7 21. Nd5 Qc5 22. a4 Rad8 23. Rd2 Be6 24. Rad1 Rd6 25. Ba2 Rfd8 26. b4 Qa7 27. c4 Bxd5 28. cxd5 Qb6 29. b5 axb5 30. axb5 Ra8 31. Rc2 Ra3 32. Rdc1 Rd7 33.
Kh1 Kg7 34. Qc4 e3 35. d6 exf2 36. Qe2 Qe3 37. Qxf2 Qxf2 38. Rxf2 Rxd6 39. g4 Rxh3+ 40. Kg2 Rh2+ 41. Kf3 Rxf2+ 42. Kxf2 Rd2+ 43. Ke3 Rxa2 44. gxf5 gxf5 45. Rc5 Kf6 46. Rc8 Ra3+ 47. Ke2 Rb3 48.
Rf8+ Kg6 49. Re8 Rxb5 50. Kd3 h5 51. Kc4 Ra5 52. Kb4 Rd5 53. Kc4 Rd4+ 54. Kc5 Re4 55. Kd5 h4 56. Rg8+ Kf7 57. Rg5 Kf6 58. Rh5 Rd4+ 59.
Kc5 Kg6 0-1

[Event "Early-Titled-Tuesday-Blitz-January-23-2024"]
[Site "Chess.com"]
[Date "2024.01.23"]
[Round "7"]
[White "Djager97"]
[Black "Boninknights"]
[Result "1-0"]
[WhiteElo "2566"]
[BlackElo "2340"]
[TimeControl "180+1"]
[EndTime "9:18:58 PST"]
[Termination "Djager97 won on time"]

1. e4 c6 2. d4 a6 3. Nf3 d5 4. e5 Bg4 5. Bd3 e6 6. h3 Bh5 7. Nbd2 c5 8. c3 Nc6 9. O-O cxd4 10.
cxd4 Nxd4 11. Qa4+ Nc6 12. Qf4 Nge7 13. Re1 Ng6 14.
Bxg6 Bxg6 15. Nb3 Be7 16. Be3 O-O 17. Bc5 Bxc5 18. Nxc5 Qe7 19. Rac1 Rac8 20. Rc3 f6 21. exf6 Rxf6 22. Qg3 Rxf3 23. Qxf3 Nd4 24. Qe3 Nc2 25.
Qxe6+ Qxe6 26. Rxe6 d4 27. Rc4 b5 28. Rxc2 Bxc2 29. Nb3 Bxb3 30. axb3 Rc1+ 31. Kh2 Rc2 32. Rxa6 Rxb2 33. Rd6 Rxb3 34. Rxd4 b4 35. Rd7 Rc3 36.
Rb7 b3 37. f3 g5 38. Kg3 h5 39.
Rb5 h4+ 40. Kg4 Rc2 41. Rxg5+ Kf7 42. Kxh4 b2 43. Rb5 Rxg2 44. f4 Ke6 45. f5+ Kf6 46. Kh5 Rg5+ 47. Kh6 Rg3 48. h4 Rg1 49. Rxb2 Kxf5 50.
Rf2+ Ke6 51. h5 Ke7 52. Kh7 Ke8 53. h6 Ke7 54. Kh8 Ke8 55. h7 Ke7 56. Rf3 Rg2 57.
Rf4 Rg3 58. Ra4 Rg2 59. Ra8 Kf7 60. Ra7+ Kf8 61. Ra8+ Kf7 62. Rg8 Rd2 63. Rg7+ Kf8 64. Rg4 Rh2 65. Rf4+ Ke7 66. Kg7 1-0

[Event "Early-Titled-Tuesday-Blitz-January-23-2024"]
[Site "Chess.com"]
[Date "2024.01.23"]
[Round "7"]
[White "HamedWafa4"]
[Black "TigrVShlyape"]
[Result "0-1"]
[WhiteElo "2720"]
[BlackElo "2941"]
[TimeControl "180+1"]
[EndTime "9:18:59 PST"]
[Termination "TigrVShlyape won on time"]

1. e4 c5 2. Nf3 e6 3. d4 cxd4 4. Nxd4 a6 5. Bd3 Bc5 6. Nb3 Ba7 7. Qg4 Nf6 8. Qg3 d6 9. O-O O-O 10. Bh6 Ne8 11. a4 Nc6 12. Nc3 Kh8 13. Be3 Bxe3 14. Qxe3 e5 15. Rfd1 Be6 16. Nd2 Rc8 17. Ne2 Nf6 18. c3 Na5 19. Rdc1 Nc4 20. Nxc4 Bxc4 21. Bxc4 Rxc4 22. Ng3 d5 23. exd5 Qxd5 24. Rd1 Qe6 25. h3 Re8 26. b3 Rcc8 27. c4 g6 28. Ne4 Nxe4 29. Qxe4 Qe7 30. Rd5 Rcd8 31. Rad1 Rxd5 32.
Qxd5 e4 33. Qd4+ Kg8 34. Qe3 h5 35. c5 a5 36. Rc1 Qe5 37. Re1 Kg7 38. f3 Rc8 39.
Qxe4 Qxe4 40. Rxe4 Rxc5 41. Re7 b5 42. Ra7 b4 43. Kf2 g5 44. Rb7 Kg6 45. Rb5 Rxb5 46. axb5 a4 47. b6 axb3 48. b7 b2 49. b8=Q b1=Q 50. Qg8+ Kf6 51. Qh8+ Ke6 52. Qe8+ Kd6 53. Qf8+ Kc6 54. Qc8+ Kb6 55. Qb8+ Ka5 56. Qa7+ Kb5 57. Qd7+ Kc5 58. Qc7+ Kd4 59. Qd6+ Kc3 60. Qe5+ Kb3 61. Qd5+ Kb2 62. Qd4+ Ka3 63. Qa7+ Kb2 64. Qd4+ Kb3 65. Qd5+ Ka4 66. Qc6+ Ka3 67. Qa6+ Kb2 68. Qf6+ Ka2 69. Qa6+ Kb3 0-1

[Event "Early-Titled-Tuesday-Blitz-January-23-2024"]
[Site "Chess.com"]
[Date "2024.01.23"]
[Round "7"]
[White "Carlitus2004"]
[Black "AnaKuchava"]
[Result "1-0"]
[WhiteElo "2378"]
[BlackElo "2217"]
[TimeControl "180+1"]
[EndTime "9:19:00 PST"]
[Termination "Carlitus2004 won by resignation"]

1. e4 c5 2. Nc3 Nc6 3. Bb5 Nd4 4.
Nf3 Nxb5 5. Nxb5 a6 6. Nc3 b5 7. d4 cxd4 8. Qxd4 Bb7 9. Bg5 d6 10. O-O-O Nf6 11. Bxf6 gxf6 12. Kb1 Qa5 13. Nd5 Rc8 14.
Rd3 Rg8 15. g3 Bg7 16. Qb6 Qxb6 17. Nxb6 Rc5 18. Re1 f5 19. Nd2 fxe4 20. Nxe4 Re5 21. Rde3 Kd8 22. a4 Kc7 23. a5 b4 24. Nc4 Rxe4 25.
Rxe4 Bxe4 26. Rxe4 e6 27. Nb6 b3 28. Rc4+ Kb7 29. cxb3 d5 30. Rc2 Bd4 31. Na4 Rd8 32.
b4 e5 33. Kc1 Ba7 34. Kd1 d4 35. Kd2 e4 36. Nc5+ Bxc5 37. Rxc5 d3 38. Re5 Rd4 39.
b5 axb5 40. Rxb5+ Ka6 41. Re5 Rb4 42. Ke3 Rxb2 43. Rxe4 d2 44. Rd4 Kxa5 45. Rxd2 Rb3+ 46. Rd3 Rb1 47. Kf4 Kb5 48. Kg5 Kc5 49. Rf3 Rb7 50.
Kh6 Kd5 51. Kxh7 Ke4 52. Rf4+ Ke5 53. Kg7 f5+ 54. Kg6 Rb6+ 55. Kg5 Rb8 56. Rxf5+ Ke6 57.
Rf6+ Ke7 58. Rf4 Rg8+ 59. Kf5 Rh8 60. h4 Rf8+ 61. Ke4 Rh8 62. Kf3 Ke6 63. Kg4 Ke5 64.
Kh3 Rg8 65. Rg4 Rf8 66. f4+ Ke4 67. Rg5 Ra8 68. Rb5 Ra1 69. Kg4 Rh1 70. Re5+ Kd4 71. Kg5 Rh3 72. g4 1-0

[Event "Early-Titled-Tuesday-Blitz-January-23-2024"]
[Site "Chess.com"]
[Date "2024.01.23"]
[Round "7"]
[White "vasblesk"]
[Black "FREDERICKtheMATE"]
[Result "1-0"]
[WhiteElo "2779"]
[BlackElo "2577"]
[TimeControl "180+1"]
[EndTime "9:19:01 PST"]
[Termination "vasblesk won on time"]

1. Nf3 c5 2. g3 g6 3. Bg2 Bg7 4. O-O Nf6 5. d3 O-O 6. e4 Nc6 7. Nc3 d5 8. exd5 Nxd5 9. Nxd5 Qxd5 10. Re1 Qd6 11. Bf4 e5 12. Be3 Bf5 13. Nd2 Rad8 14. a4 b6 15. Nc4 Qc7 16. Qf3 Nd4 17. Bxd4 exd4 18. Qc6 Qxc6 19. Bxc6 Rc8 20. Bb7 Rb8 21. Bf3 Be6 22. b3 Bf6 23. Kg2 a6 24. h3 Rfc8 25.
Bg4 Bd5+ 26. Bf3 Be6 27. Re2 h5 28. g4 hxg4 29. hxg4 Kg7 30. Nd6 Rc7 31. Kg3 Rh8 32. Nc4 Bh4+ 33. Kg2 Rb8 34. Nd2 Bd8 35. Ne4 Rcc8 36. Nd6 Rc7 37. Ne8+ Kh6 38. Nxc7 Bxc7 39. Rae1 Kg5 40. Rxe6 fxe6 41. Rxe6 Rh8 42. Rc6 Rh7 43. Be4 Rg7 44. f3 Bd8 45. Rc8 Bc7 46. Ra8 a5 47.
Rc8 Kf4 48. Kf2 g5 49. Rf8+ Ke5 50. Rf5+ Ke6 51. Bd5+ Ke7 52. Bc4 Bf4 53. Kg2 Rh7 54. Kg1 Kd6 55. Rf6+ Kc7 56. Bd5 Bd6 57. Be4 Rg7 58. Kg2 Kd7 59. Rh6 Kc7 60. Kf1 Bf4 61.
Rc6+ Kd8 62. Rxb6 Ra7 63. Rb5 Bd6 64. Rb6 Kc7 65. Rc6+ Kd7 66. Ke2 Ke6 67. Rc8 Kd7 68. Rg8 Be7 69. Rg6 1-0

[Event "Early-Titled-Tuesday-Blitz-January-23-2024"]
[Site "Chess.com"]
[Date "2024.01.23"]
[Round "7"]
[White "eagleclaw07"]
[Black "Durarbayli"]
[Result "0-1"]
[WhiteElo "2639"]
[BlackElo "2877"]
[TimeControl "180+1"]
[EndTime "9:19:05 PST"]
[Termination "Durarbayli won on time"]

1. d4 Nf6 2. c4 e6 3. Nf3 b6 4. g3 Ba6 5. b3 Bb4+ 6. Bd2 Be7 7. Bg2 O-O 8. O-O d5 9. Bc3 c5 10. Nbd2 Nc6 11. dxc5 bxc5 12. cxd5 exd5 13. Re1 Rc8 14. Rc1 Re8 15. Ne5 Nxe5 16. Bxe5 Ng4 17. Bb2 c4 18. h3 Nxf2 19. Kxf2 Bc5+ 20. e3 d4 21. Nxc4 Bxc4 22. Rxc4 dxe3+ 23. Ke2 Qd2+ 24. Qxd2 exd2+ 25. Kxd2 Rcd8+ 26. Kc3 Rxe1 27. Rxc5 Re3+ 28.
Kb4 Re2 29. Bd5 Rxb2 30. Rc7 a5+ 31. Ka3 Rf2 32. Ra7 g6 33. Bc4 Rdd2 34. Ka4 Rxa2+ 35. Kb5 Rf5+ 36. Kb6 Rg2 37. g4 Rf6+ 38. Kb5 Rg3 39. Kxa5 Rxh3 40. Rc7 Rg3 41. b4 Rxg4 42. b5 Rg1 43.
Ba2 Ra1 44. Rc2 h5 45. b6 Rxb6 46. Kxb6 Kg7 47. Rf2 f5 48. Kc5 Kf6 49. Kd4 Re1 50. Kd3 h4 51. Kd2 Re4 52. Re2 Ra4 53. Ke1 g5 54. Re6+ Kg7 55. Bb3 Rb4 56. Bd5 g4 57.
Kf2 Rb2+ 58. Re2 Rb4 59. Re6 Rd4 60. Rd6 Rd2+ 61. Ke3 Rd1 62. Kf4 h3 63. Kg5 g3 64.
Rd7+ Kf8 65. Kf6 Ke8 66. Re7+ Kd8 67. Bc6 h2 68. Ke6 Re1+ 69. Kd6 Rxe7 70. Bd5 Rd7+ 0-1

[Event "Early-Titled-Tuesday-Blitz-January-23-2024"]
[Site "Chess.com"]
[Date "2024.01.23"]
[Round "7"]
[White "Dinosaurio_1975"]
[Black "Nemegejas"]
[Result "1-0"]
[WhiteElo "2660"]
[BlackElo "2872"]
[TimeControl "180+1"]
[EndTime "9:19:08 PST"]
[Termination "Dinosaurio_1975 won by resignation"]

1. c4 Nf6 2. d4 g6 3. Nc3 d5 4. cxd5 Nxd5 5. Bd2 c5 6. e4 Nxc3 7. Bxc3 cxd4 8. Bxd4 e5 9. Bxe5 Bb4+ 10. Bc3 Bxc3+ 11. bxc3 Qe7 12. Qd4 O-O 13. Nf3 Re8 14. Bd3 Bg4 15. Qe3 Bxf3 16. Qxf3 Nd7 17. O-O Ne5 18. Qe2 Nxd3 19.
Qxd3 Qxe4 20. Qxe4 Rxe4 21. Rfd1 Ra4 22. h3 Rc8 23.
Rd7 b6 24. Re1 Rxc3 25. Ree7 Rc1+ 26. Kh2 Rf4 27. Kg3 Rf5 28. Rxa7 h5 29. h4 Rc3+ 30. f3 Rc2 31. a4 g5 32. hxg5 Rxg5+ 33. Kf4 Rg7 34. g3 Rc6 35. Re8+ Kh7 36. Re5 Rf6+ 37. Rf5 Rxf5+ 38. Kxf5 Rxg3 39. Kf4 Rg7 40. Rb7 Rg6 41.
Rxf7+ Kh6 42. Rf8 Rc6 43. Ke5 Rc5+ 44. Ke6 Rc6+ 45. Ke5 Rc5+ 46. Kd6 Kg5 47. f4+ Kg4 48.
Ke6 h4 49. f5 h3 50. Rg8+ Kf4 51. f6 Re5+ 52. Kd7 Rf5 53. Ke7 Re5+ 54. Kd7 Rf5 55. Ke7 h2 56. Rh8 Re5+ 57. Kf8 Kg3 58.
f7 Kg2 59. Kg8 Rg5+ 60. Kf8 Rf5 61. Ke8 Re5+ 62. Kd7 Rf5 63. Ke7 Re5+ 64. Kf6 Re3 65. f8=Q Rf3+ 66. Ke7 Rxf8 67. Kxf8 h1=Q 68. Rxh1 Kxh1 69. Ke7 Kg2 70. Kd6 Kf3 71. Kc6 Ke4 72.
Kxb6 Kd5 73. a5 Kd6 74. a6 1-0

[Event "Early-Titled-Tuesday-Blitz-January-23-2024"]
[Site "Chess.com"]
[Date "2024.01.23"]
[Round "7"]
[White "Sanyura"]
[Black "Hovik_Hayrapetyan"]
[Result "1-0"]
[WhiteElo "2630"]
[BlackElo "2817"]
[TimeControl "180+1"]
[EndTime "9:19:08 PST"]
[Termination "Sanyura won on time"]

1. e4 c5 2. Nf3 d6 3. d4 cxd4 4. Nxd4 Nf6 5. Nc3 a6 6. g3 e5 7. Nb3 Nbd7 8. Bg2 Be7 9. a4 b6 10. O-O h5 11. Re1 h4 12. Nd2 hxg3 13. hxg3 Qc7 14.
Nf1 Bb7 15. Ne3 g6 16. Ned5 Nxd5 17. Nxd5 Bxd5 18. Qxd5 Rc8 19. c3 Kf8 20. Be3 Kg7 21. Qd3 a5 22. Rad1 Nf6 23. Bg5 Rh5 24. Be3 Ng4 25. Bf3 Nxe3 26. Qxe3 Rh6 27. Rd3 Rch8 28. Red1 Rh2 29. Bg2 Qd7 30. Qf3 Qxa4 31. b4 axb4 32. cxb4 Qxb4 33. Rb3 Qa5 34. Rdb1 Bd8 35. Qd3 Qc5 36.
Rc3 Qd4 37. Qxd4 exd4 38. Rd3 Bf6 39. Rxb6 R2h5 40. Rxd6 Rc8 41. Bf3 Rc1+ 42. Rd1 Rhc5 43. Kg2 R1c3 44. Bg4 Rc2 45. Bf3 Rb2 46. Rd5 Rcc2 47.
Rf1 Bg5 48. Rxg5 d3 49. Rd5 d2 50. Rd1 Kf6 51. e5+ Ke6 52. Be4 Rc1 53. R5xd2 Rxd2 54.
Rxd2 Re1 55. Bd5+ Kxe5 56. Bxf7 Kf6 57. Bc4 Rc1 58. Rd6+ Ke5 59. Re6+ Kf5 60. Rc6 Kg5 61.
Bd5 Rd1 62. Be4 Rd2 63. Rxg6+ Kh5 64. Re6 Kg5 65. Re5+ Kf6 66. Rf5+ Ke6 67. g4 Rd4 68. f3 Rd1 69. Kg3 1-0

[Event "Early-Titled-Tuesday-Blitz-January-23-2024"]
[Site "Chess.com"]
[Date "2024.01.23"]
[Round "7"]
[White "Sanan_Sjugirov"]
[Black "MatthewG-p4p"]
[Result "1-0"]
[WhiteElo "3017"]
[BlackElo "2889"]
[TimeControl "180+1"]
[EndTime "9:19:09 PST"]
[Termination "Sanan_Sjugirov won by resignation"]

1. Nf3 c5 2. g3 g6 3. Bg2 Bg7 4. d4 cxd4 5. Nxd4 Nc6 6. Nxc6 bxc6 7. c4 Rb8 8. Nc3 Nf6 9. O-O Qc7 10. b3 O-O 11. Bb2 Bb7 12. Qd2 Rfd8 13. Rfd1 d5 14. cxd5 cxd5 15. Rac1 Qa5 16. Na4 Qxd2 17. Rxd2 Rbc8 18.
Rdc2 Rxc2 19. Rxc2 Ne8 20. Bxg7 Kxg7 21. e3 e6 22. Nc5 Bc8 23. Kf1 Kf6 24. Ke1 Ke7 25.
Bf1 e5 26. Bg2 Bf5 27. Rc1 Nf6 28. b4 Rc8 29. Kd2 Rc7 30. a3 Rc8 31. f3 Ne8 32. Bf1 Nd6 33. Be2 h5 34. a4 Rc7 35. a5 Rc8 36. b5 Rb8 37. Na6 Rb7 38. Rc7+ Rxc7 39.
Nxc7 d4 40. exd4 exd4 41. b6 axb6 42. a6 Nc8 43. Nb5 Bd7 44. Nxd4 Na7 45. Kc3 Kd6 46.
Kb4 Kd5 47. Kc3 Kc5 48. Nb3+ Kd6 49. Bc4 f6 50. Nd4 Kc5 51. Nb3+ Kd6 52. Bd3 g5 53.
Nd4 Kc5 54. Nb3+ Kd5 55. Be4+ Kd6 56. h4 gxh4 57. gxh4 Bb5 58. Bb7 Bd7 59. Nd4 Kc5 60. Nb3+ Kd6 61. Kd2 Ke5 62. Ke3 Be6 63. Nd4 Bd7 64.
Be4 Kd6 65. Bg6 b5 66. Bxh5 b4 67. Bg6 f5 68. Bxf5 Bxf5 69. Nxf5+ Kd5 70. Nd4 Kc4 71. h5 b3 72. Nxb3 Kxb3 73. h6 1-0

[Event "Early-Titled-Tuesday-Blitz-January-23-2024"]
[Site "Chess.com"]
[Date "2024.01.23"]
[Round "7"]
[White "K_A_S_T_O_R"]
[Black "SirStrateg"]
[Result "1/2-1/2"]
[WhiteElo "2883"]
[BlackElo "2654"]
[TimeControl "180+1"]
[EndTime "9:19:10 PST"]
[Termination "Game drawn - insufficient material"]

1. e4 d6 2. d4 Nf6 3. Nc3 c6 4. a4 e5 5. Nge2 Nbd7 6. g3 b6 7. Bg2 a6 8. O-O Bb7 9. h3 h5 10. Be3 b5 11. axb5 cxb5 12. d5 h4 13. Qd3 hxg3 14. fxg3 Rc8 15. Nd1 Nc5 16. Bxc5 Rxc5 17. Ne3 Bc8 18. g4 g6 19. Rf2 Nh7 20. Raf1 Ng5 21. Kh2 Rc7 22. c3 Rh4 23. Ng1 Be7 24. b4 Kf8 25. Kg3 Kg7 26. Nf3 Nxf3 27. Rxf3 Bg5 28.
Kf2 Rh7 29. Ke2 Kg8 30. Kd2 Bf4 31. Rxf4 exf4 32. Rxf4 Qg5 33. Rf3 Qe5 34. Nc2 Re7 35. Rf2 Qh2 36. Nd4 Qg1 37. Re2 Re8 38. Qf3 Qb1 39.
Qf4 Qb2+ 40. Kd3 Qb1+ 41. Kd2 Qb2+ 42. Nc2 Re5 43. Re1 Kg7 44. Qf1 Rh8 45. Rb1 Qa2 46.
Ra1 Qc4 47. Qxc4 bxc4 48. Ne3 f5 49. Nxc4 Re7 50. gxf5 gxf5 51. Nxd6 fxe4 52. Bxe4 Bxh3 53. Kd3 Rd8 54. Rg1+ Kf6 55. Rg6+ Ke5 56. Nc4+ Kf4 57. Bh1 Bf5+ 58. Kd4 Bxg6 59. Kc5 Bf7 60. d6 Re5+ 61. Nxe5 Kxe5 62. Bb7 Rxd6 63. c4 Be8 64. b5 axb5 65.
cxb5 Rh6 66. b6 Rh2 67. Bf3 Rb2 68. b7 Bg6 69. Kc6 Ke6 70. Kc7 Rc2+ 71. Bc6 Rb2 72.
b8=Q Rxb8 73. Kxb8 1/2-1/2

[Event "Early-Titled-Tuesday-Blitz-January-23-2024"]
[Site "Chess.com"]
[Date "2024.01.23"]
[Round "7"]
[White "MIss_MIaMI"]
[Black "Knightmare1014"]
[Result "0-1"]
[WhiteElo "2431"]
[BlackElo "2303"]
[TimeControl "180+1"]
[EndTime "9:19:13 PST"]
[Termination "Knightmare1014 won by resignation"]

1. e4 c5 2. Nf3 e6 3. d4 cxd4 4.
c3 dxc3 5. Nxc3 a6 6. Bc4 b5 7. Bb3 Bb7 8. Qe2 Ne7 9. Bf4 Ng6 10.
Bg3 Be7 11. O-O O-O 12. Rfd1 Nc6 13. Qd3 Nb4 14. Qxd7 Qb6 15. Bc7 Qc6 16. Qxc6 Nxc6 17. Rd7 Bc8 18. Rd2 Ra7 19. Bb6 Rd7 20. Rad1 Rxd2 21.
Rxd2 Bb4 22. a3 Ba5 23. Bc5 Rd8 24. Rxd8+ Bxd8 25. Bd6 Be7 26. Bxe7 Ngxe7 27. Kf1 Kf8 28. Ke2 Ke8 29. Kd3 Kd7 30. g3 Kd6 31. Nd2 Ne5+ 32. Ke2 Bb7 33. f4 Nd7 34. Ke3 Nc5 35. Bc2 e5 36. f5 Nc6 37. Nf3 f6 38. b4 Nd7 39. Nd5 Ne7 40. Nxe7 Kxe7 41. Bb3 Kd6 42.
g4 Nb6 43. h4 Nc4+ 44. Bxc4 bxc4 45. g5 Bc6 46. h5 h6 47. gxh6 gxh6 48. Nd2 c3 49.
Nc4+ Ke7 50. Kd3 Ba4 51. Kxc3 Bd1 52. Na5 Bxh5 53. Nb3 Kd6 54. Kd3 Be8 55. Nd2 Bb5+ 56. Ke3 h5 57. Nf3 Bf1 58. Nh4 Kc6 59. Kd2 Kb5 60. Kc3 Bh3 61. Kb2 Kc4 62. Ng6 Kd4 63. Nf8 Kxe4 64. Nd7 Kxf5 65. Nc5 Bf1 66. a4 h4 67. Kc3 h3 68. Nd3 Bxd3 69. Kxd3 h2 70. b5 axb5 71. axb5 h1=Q 72. Kc4 Qb7 73. Kc5 Kf4 0-1

[Event "Early-Titled-Tuesday-Blitz-January-23-2024"]
[Site "Chess.com"]
[Date "2024.01.23"]
[Round "7"]
[White "Lady_Nika"]
[Black "emeli_chess"]
[Result "0-1"]
[WhiteElo "2555"]
[BlackElo "2448"]
[TimeControl "180+1"]
[EndTime "9:19:26 PST"]
[Termination "emeli_chess won on time"]

1. d4 Nf6 2. e3 d5 3. f4 c5 4.
Nf3 cxd4 5. exd4 Bg4 6. c3 e6 7. Be2 Nc6 8. Ne5 Bxe2 9. Qxe2 Bd6 10. O-O O-O 11. Be3 Qc7 12. Nd2 a6 13. Rf3 Ne4 14. Nxe4 dxe4 15. Rh3 f5 16. Qh5 h6 17. Rg3 Bxe5 18. dxe5 Kh8 19. Bc5 Qf7 20. Qe2 Rfd8 21.
Bd6 Rd7 22. Rd1 Rc8 23. Rh3 Na7 24. c4 b5 25. c5 Nc6 26. Ra3 Ra7 27. Qe1 Ne7 28.
Bxe7 Qxe7 29. b4 a5 30. Rd6 axb4 31. Qxb4 Rxa3 32. Qxa3 Qb7 33. h3 b4 34. Qa5 b3 35.
axb3 Qxb3 36. Rd8+ Rxd8 37. Qxd8+ Kh7 38. Qd4 Qb1+ 39. Kf2 Qc2+ 40. Kg3 Qc1 41. h4 Qe1+ 42. Qf2 Qc1 43. Qd4 Qe1+ 44. Qf2 Qc3+ 45. Kh2 e3 46. Qf3 Qxc5 47. g4 Qd4 48. gxf5 exf5 49. Qh5 Qe4 50. Qe2 Qxf4+ 51. Kg1 Qxe5 52. h5 Qe4 53.
Kf1 f4 54. Ke1 f3 55. Qb5 f2+ 56. Ke2 Qg4+ 57. Kxe3 Qg3+ 58. Ke2 Qg4+ 59. Ke3 Qg1 60. Qf5+ Kg8 61. Qc8+ Kf7 62. Qd7+ Kf6 63. Qd6+ Kf5 64. Qd5+ Kg4 65. Qf3+ Kh4 66. Qf4+ Kxh5 67. Qf5+ g5 68.
Qf7+ Kh4 69. Qc4+ g4 70. Qf4 Qe1+ 71. Kd4 f1=Q 72. Qxh6+ Kg3 73. Qe3+ Qxe3+ 74. Kxe3 Qf3+ 0-1

[Event "Early-Titled-Tuesday-Blitz-January-23-2024"]
[Site "Chess.com"]
[Date "2024.01.23"]
[Round "7"]
[White "AlexPapasimakopoulos"]
[Black "JimDiGrease"]
[Result "1/2-1/2"]
[WhiteElo "2735"]
[BlackElo "2957"]
[TimeControl "180+1"]
[EndTime "9:19:35 PST"]
[Termination "Game drawn by repetition"]

1. d4 d5 2. c4 e6 3. Nc3 c6 4. e3 Nf6 5. Nf3 Nbd7 6. Be2 Be7 7. O-O O-O 8. b3 b6 9. Bb2 Bb7 10. Rc1 Rc8 11. Re1 Re8 12. h3 Bd6 13. Bd3 Nf8 14.
Bb1 dxc4 15. bxc4 c5 16. Nb5 Bb8 17. dxc5 Qxd1 18. Rexd1 Rxc5 19. Ba3 Rcc8 20. Nd6 Bxd6 21. Bxd6 N8d7 22. Nd4 Nc5 23. f3 Red8 24. Nb5 a6 25. Nc3 Rd7 26. e4 Bc6 27. Bc2 Ne8 28.
Bg3 Rcd8 29. Rxd7 Nxd7 30. Kf2 Kf8 31. Ke2 Ke7 32. Rd1 f6 33. Bf2 Nd6 34. Bb3 Nb7 35.
Ba4 Na5 36. Bxc6 Nxc6 37. Na4 b5 38. cxb5 axb5 39. Nc5 Nxc5 40. Bxc5+ Ke8 41. Rb1 Rb8 42. a3 Kd7 43. Rd1+ Ke8 44. Rd6 Nd8 45. Bb4 Kf7 46.
Rd7+ Kg6 47. Bf8 Nf7 48. Bb4 Ne5 49. Rc7 Nc4 50. a4 Ne5 51. a5 Ra8 52. Rb7 Nc6 53. Rxb5 Nxb4 54. Rxb4 Rxa5 55. Kf2 Ra2+ 56. Kg3 e5 57. h4 h5 58. Rb7 Ra1 59. Rc7 Ra3 60.
Rb7 Kh6 61. Rc7 Rb3 62. Ra7 Rc3 63. Rb7 Rd3 64. Rc7 Ra3 65. Rc8 Kg6 66. Rh8 Rc3 67.
Rb8 Rd3 68. Rc8 Rd6 69. Rc2 Rb6 70. Kh3 Kh6 71. Rc7 g6 72. Rf7 g5 73. hxg5+ Kxg5 74. Rh7 Kg6 75. Rh8 Rb7 76. Kh4 Rb2 77. Kg3 Ra2 78.
Rb8 Rc2 79. Rb3 Ra2 80. Kh3 Rc2 81. Rb8 Ra2 82. Rg8+ Kh6 83. Rf8 Kg7 84. Rb8 Kg6 85.
Rb3 Rc2 86. g3 Rf2 87. Rc3 Kg5 88. Rb3 Kg6 89. Ra3 Kg5 90. Rb3 Kg6 1/2-1/2

[Event "Early-Titled-Tuesday-Blitz-January-23-2024"]
[Site "Chess.com"]
[Date "2024.01.23"]
[Round "7"]
[White "lucliasco"]
[Black "M1711"]
[Result "1/2-1/2"]
[WhiteElo "2886"]
[BlackElo "2657"]
[TimeControl "180+1"]
[EndTime "9:19:38 PST"]
[Termination "Game drawn - insufficient material"]

1. d4 Nf6 2. Nf3 g6 3. g3 Bg7 4.
Bg2 b6 5. O-O Bb7 6. b3 O-O 7.
Bb2 c5 8. c4 cxd4 9. Qxd4 d6 10.
Qh4 Nbd7 11. Nc3 Rc8 12. Rad1 a6 13. e4 Qc7 14. Ba1 Nc5 15. Nd5 Bxd5 16. exd5 b5 17.
Nd4 bxc4 18. bxc4 Ncd7 19. Nc6 Nb8 20. Rfe1 Nxc6 21. dxc6 e5 22. Bb2 Rfd8 23. Ba3 Rb8 24. Bd5 Nxd5 25. cxd5 f5 26. Bc1 Rb5 27. Bg5 Re8 28.
Bh6 Qf7 29. Bxg7 Kxg7 30. Qc4 Rc8 31. Re3 Rc7 32. Ra3 Rc5 33. Qxa6 Rxd5 34. Rc1 f4 35. Qb6 e4 36. Qb2+ Kh6 37. gxf4 Qxf4 38. Rh3+ Rh5 39. Rg3 Rg5 40. Qc2 d5 41. Qd1 e3 42. Rc2 exf2+ 43.
Kf1 Rxg3 44. hxg3 Qxg3 45. Qd2+ Qg5 46. Qxf2 Kg7 47. Ke1 Qe5+ 48. Kd1 d4 49. Rc4 Qd5 50. Qf4 Rxc6 51. Rxc6 Qxc6 52. Qxd4+ Kf7 53. a4 Ke7 54. Qg7+ Ke6 55. Qxh7 Qxa4+ 56. Ke1 Qa1+ 57. Kf2 Kf5 58. Qd7+ Kg5 59. Kg2 Qb2+ 60. Kg1 Qc1+ 61. Kh2 Qc2+ 62. Kg1 Qc1+ 63. Kg2 Qc2+ 64. Kg1 Qf5 65.
Qd8+ Kg4 66. Qd1+ Qf3 67. Qd7+ Kg3 68. Qd6+ Qf4 69. Qxg6+ Qg4 70. Qd3+ Kf4+ 71. Kf2 Qh4+ 72. Kg2 Qg4+ 73. Kf2 Qh5 74. Kg2 Qg5+ 75. Kf2 Qc5+ 76. Ke2 Qe5+ 77. Kd2 Qb2+ 78. Qc2 Qb4+ 79. Qc3 Qd6+ 80.
Kc2 Qe5 81. Kb3 Qe4 82. Qc4 Ke3 83. Qc3+ Kf2 84. Qc2+ Qe2 85. Qb2 Ke3 86. Qxe2+ Kxe2 1/2-1/2